 Dungeon Crawl Stone Soup version 0.25.0-10-g039870ee82 (webtiles) character file.

Game seed: 7285270235138365400

180013 MisterFreud the Slayer (level 17, -3/177 HPs)
             Began as a Minotaur Berserker on June 21, 2020.
             Was a High Priest of Trog.
             Slain by a merfolk impaler
             ... wielding a +2 demon trident of flaming
              (9 damage)
             ... on level 2 of the Shoals on June 22, 2020.
             The game lasted 01:02:33 (41568 turns).

MisterFreud the Slayer (Minotaur Berserker)        Turns: 41568, Time: 01:02:34

Health: -3/177     AC: 23    Str: 17    XL:     17   Next: 30%
Magic:  20/20      EV: 11    Int:  9    God:    Trog [*****.]
Gold:   1904       SH:  0    Dex: 17    Spells: 16/16 levels left

rFire    . . .     SeeInvis .   C - +3 great sword (flame)
rCold    + + .     Gourm    .   (shield currently unavailable)
rNeg     . . .     Faith    .   W - +0 plate armour {rC+}
rPois    +         Spirit   .   b - +1 hat {Int+3}
rElec    .         Reflect  .   o - +2 cloak
rCorr    .         Harm     .   F - +0 pair of gloves
MR       +++..                  (no boots)
Stlth    ..........             B - amulet of regeneration
HPRegen  0.79/turn              m - ring "Raykien" {rPois rC+ MR+ Str-5 Dex+2}
MPRegen  0.17/turn              M - ring of protection from magic

@: no status effects
A: retaliatory headbutt, horns 2
}: 1/15 runes: gossamer
a: Berserk, Trog's Hand, Brothers in Arms, Renounce Religion


You were on level 2 of the Shoals.
You worshipped Trog.
Trog was extremely pleased with you.
You were very hungry.

You visited 6 branches of the dungeon, and saw 31 of its levels.

You collected 2870 gold pieces.
You spent 966 gold pieces at shops.

Inventory:

Hand Weapons
 z - a +2 double sword of electrocution
 C - a +3 great sword of flaming (weapon)
 I - a +4 vorpal great sword
Armour
 b - a +1 hat of intelligence (worn)
 o - a +2 cloak (worn)
 F - a +0 pair of gloves (worn)
 W - a +0 plate armour of cold resistance (worn)
Jewellery
 a - a +6 ring of intelligence
 m - the ring "Raykien" (left hand) {rPois rC+ MR+ Str-5 Dex+2}
   (You acquired it on level 4 of the Lair of Beasts)

   [ring of poison resistance]

   It affects your strength (-5).
   It affects your dexterity (+2).
   It protects you from cold.
   It protects you from poison.
   It affects your resistance to hostile enchantments.
 x - an uncursed ring of protection from fire
 B - an amulet of regeneration (around neck)
 M - a ring of protection from magic (right hand)
 N - an uncursed amulet of the acrobat
Wands
 n - a wand of flame (14)
 t - a wand of paralysis (21)
 w - a wand of iceblast (18)
 y - a wand of enslavement (11)
 A - a wand of acid (18)
 K - a wand of polymorph (1)
 O - a wand of clouds (9)
 R - a wand of digging (16)
Scrolls
 e - 3 scrolls of enchant armour
 f - 8 scrolls of teleportation
 g - 6 scrolls of identify
 j - 12 scrolls of remove curse
 q - 5 scrolls of fog
 s - a scroll of silence {unknown}
 u - 5 scrolls of blinking
 v - 8 scrolls of fear
 H - 6 scrolls of enchant weapon
 Q - 4 scrolls of magic mapping
Potions
 d - a potion of might
 h - 4 potions of flight
 i - 3 potions of ambrosia
 l - 6 potions of curing
 p - 5 potions of mutation
 r - 3 potions of haste
 D - 3 potions of resistance
 E - 3 potions of magic
 G - 4 potions of berserk rage
 J - 6 potions of lignification
 L - a potion of invisibility
 P - 5 potions of stabbing
 X - 3 potions of brilliance
Comestibles
 c - 37 rations


   Skills:
 + Level 22.3 Fighting
 - Level 20.0 Long Blades
 - Level 15.0 Armour
 - Level 10.0 Dodging
 - Level 6.0 Evocations


You had 16 spell levels left.
You didn't know any spells.
Your spell library was empty.

Dungeon Overview and Level Annotations

Branches:
Dungeon (15/15)            Temple (1/1) D:5            Lair (6/6) D:8
 Shoals (3/4) Lair:2       Spider (4/4) Lair:4        Slime (0/5) Lair:5
    Orc (2/2) D:12            Elf (0/3) Orc:2        Vaults (0/5) D:13
 Depths (0/5) D:15

Altars:
Cheibriados
Fedhas
Gozag
Kikubaaqudgha
Makhleb
Nemelex Xobeh
Qazlal
Trog
Yredelemnul
Zin

Shops:
D:4 }   Orc:1 [   Orc:2 [[(=!   Shoals:3 %

Portals:
Hell: Lair:6

Annotations:
D:14 3 runed translucent doors
Lair:6 exclusion: 3 oklob plants
Shoals:3 Ilsuiw; Mara
Spider:1 2 runed translucent doors, Enish's ghost, adept DDFi; Roxanne
Orc:1 2 transporters, Enish's ghost, journeyman DDFi


Innate Abilities, Weirdness & Mutations

You reflexively headbutt those who attack you in melee.
You have a pair of horns on your head.


Message History

The merfolk impaler is almost dead.
The merfolk impaler hits you with a +2 demon trident of flaming!
* * * LOW HITPOINT WARNING * * *
The merfolk impaler burns you.
* * * LOW HITPOINT WARNING * * *
You completely miss the merfolk impaler.
The merfolk impaler is almost dead.
The merfolk impaler hits you with a +2 demon trident of flaming!
* * * LOW HITPOINT WARNING * * *
The merfolk impaler burns you!
* * * LOW HITPOINT WARNING * * *
A hippogriff comes into view.
You feel much better.
The hippogriff screeches!
The merfolk impaler hits you with a +2 demon trident of flaming!!
* * * LOW HITPOINT WARNING * * *
The merfolk impaler burns you.
* * * LOW HITPOINT WARNING * * *
The merfolk impaler hits you with a +2 demon trident of flaming!
You die...

≈≈≈≈≈≈≈....# .....≈≈≈≈≈≈.
≈≈≈≈≈≈≈.##.###.# ...≈≈≈≈≈.
..≈≈≈≈≈.#......###.≈≈≈≈≈≈≈
#.≈≈≈≈≈≈≈≈≈≈≈(≈≈.≈≈≈≈≈≈≈.≈
#.≈≈≈≈≈≈≈≈≈≈≈≈≈≈≈≈≈≈≈≈≈≈..
..≈≈≈≈≈≈≈.>≈≈≈≈≈≈≈≈≈≈≈≈≈..
≈≈≈≈≈≈≈≈≈..≈≈≈≈≈≈≈≈≈≈≈≈...
≈≈.≈≈≈≈)...≈≈≈≈≈≈≈≈≈≈.....
≈≈≈≈≈≈≈≈?@≈≈≈≈≈≈≈≈≈.....$.
≈≈≈≈≈≈≈≈≈m>≈≈≈≈≈≈≈≈≈.##...
....≈≈≈≈≈≈≈≈≈≈≈≈≈≈≈≈ ##..
.##.≈≈≈≈≈≈≈..≈≈≈≈≈≈ .##
..≈≈≈≈≈......≈≈≈≈ .
≈≈≈≈≈≈≈(..#≈..≈.. .
≈≈≈≈≈≈≈≈...H≈≈≈≈≈
≈≈≈≈.≈≈.≈≈≈≈≈≈≈


You could see a merfolk impaler and a hippogriff.

Vanquished Creatures
  Gastronok (Orc:1)
  The ghost of Dominolapin the Fencer, an adept DgEE (Spider:3)
  Donald (Orc:2)
  Kirke (Shoals:1)
  Louise (Shoals:1)
  A ghost moth (Spider:4)
  5 emperor scorpions
  An entropy weaver (Spider:3)
  Nessos (D:14)
  Azrael (D:12)
  Josephine (D:12)
  A fire dragon (D:15)
  A merfolk impaler (Shoals:1)
  A yaktaur captain (D:14)
  Erolcha (Orc:2)
  8 hydras
  A catoblepas (Lair:6)
  2 merfolk avatars (Shoals:1)
  An ice dragon (D:15)
  9 centaur warriors
  12 two-headed ogres
  7 death scarabs (Spider:4)
  A satyr (Shoals:1)
  4 ogre magi
  A tengu warrior (D:13)
  4 death yaks
  Urug (D:13)
  A fire crab (Lair:6)
  An unseen horror (D:14)
  A sixfirhy (Lair:6)
  4 slime creatures (D:13)
  4 skeletal warriors (D:15)
  4 sea snakes (Shoals:1)
  A wizard (Lair:6)
  A lindwurm (Lair:6)
  2 harpies
  3 orc knights (Orc:1)
  6 spectral wolf spiders (Spider:4)
  An oklob plant (Lair:5)
  9 orb spiders
  2 orc sorcerers
  15 wolf spiders
  7 manticores
  3 deep elf magi (D:14)
  4 cyclopes
  11 fauns
  4 merfolk sirens (Shoals:1)
  6 elephants (Lair:5)
  A moth of wrath (Spider:4)
  2 black mambas
  A smoke demon (Lair:6)
  6 spiny frogs (Lair:6)
  4 gargoyles
  3 orange demons (Lair:6)
  7 torpor snails
  A centaur skeleton (D:15)
  2 spectral redbacks (Spider:4)
  2 rime drakes (Lair:6)
  A yaktaur (D:11)
  5 redback zombies (Spider:4)
  6 komodo dragons
  A freezing wraith (D:15)
  A wind drake (Shoals:1)
  31 jumping spiders
  15 demonic crawlers
  4 merfolk
  3 trolls
  3 meliai (D:13)
  A wind drake (shapeshifter) (D:14)
  5 spectral tarantellas (Spider:4)
  6 hornets
  Prince Ribbit (D:5)
  A spectral jumping spider (Spider:4)
  11 blink frogs
  3 jumping spider zombies (Spider:4)
  3 snapping turtles (Shoals:1)
  3 tarantella zombies (Spider:4)
  6 hippogriffs
  10 dream sheep
  Sigmund (D:3)
  61 redbacks
  38 tarantellas
  4 wyverns
  A shadow (D:14)
  16 humans
  4 hogs
  3 wraiths (D:12)
  3 basilisks
  4 fire elementals
  33 yaks
  3 hungry ghosts
  2 vampire mosquitoes (D:13)
  A warg (Orc:1)
  An acid dragon (D:14)
  7 hell hounds
  13 water moccasins
  6 porcupines
  4 sky beasts
  3 ice beasts
  27 orc warriors
  4 spectral hornets (Spider:4)
  2 eyes of draining
  A black bear (D:11)
  2 phantoms
  A necrophage (D:10)
  27 ogres
  12 centaurs
  15 crocodiles
  3 big kobolds
  A gnoll sergeant (D:8)
  13 bullfrogs
  3 scorpions
  A water moccasin skeleton (D:8)
  8 wights
  A vampire bat (Lair:2)
  3 electric eels
  4 howler monkeys
  7 crimson imps
  2 quasits
  2 bullfrog zombies
  3 centaur zombies
  6 jellies
  2 gnoll shamans
  7 hounds
  18 orc priests
  27 orc wizards
  Crazy Yiuf (D:2)
  2 bullfrog skeletons
  Jessica (D:3)
  4 iguanas
  12 worker ants
  A killer bee zombie (D:10)
  A bullfrog simulacrum (D:13)
  A hound zombie (D:11)
  A hound skeleton (D:4)
  Robin (D:2)
  A howler monkey zombie (D:10)
  14 gnolls
  3 worker ant zombies
  A gnoll zombie (D:6)
  2 orc zombies (D:6)
  9 adders
  2 shadow imps
  An adder skeleton (D:8)
  A dart slug (D:1)
  5 leopard geckos
  120 orcs
  2 ball pythons
  14 bats
  6 giant cockroaches
  14 goblins
  11 hobgoblins
  18 jackals
  3 quokkas
  2 frilled lizards
  A jackal skeleton (D:6)
  10 kobolds
  9 rats
  A fungus (D:2)
994 creatures vanquished.

Vanquished Creatures (collateral kills)
  An orb spider (Spider:1)
  A wolf spider (Spider:1)
  2 orange demons (Lair:6)
  A merfolk (Shoals:3)
  9 redbacks (Spider:1)
  A tarantella (Spider:1)
  An orc priest (Orc:2)
  A plant (Shoals:3)
17 creatures vanquished.

Vanquished Creatures (others)
  A fire elemental (D:13)
  2 yaks (D:13)
  A human (Shoals:1)
  5 fungi (Lair:6)
  2 plants (Lair:6)
11 creatures vanquished.

Grand Total: 1022 creatures vanquished

Notes
Turn   | Place    | Note
-------+----------+-------------------------------------------
     0 | D:1      | MisterFreud the Minotaur Berserker began the quest for the
                  | Orb.
     0 | D:1      | Reached XP level 1. HP: 19/19 MP: 0/0
    11 | D:1      | Reached skill level 4 in Fighting
    84 | D:1      | Reached XP level 2. HP: 22/28 MP: 1/1
   435 | D:1      | Reached ** piety under Trog
   435 | D:1      | Reached skill level 5 in Fighting
   480 | D:1      | Reached XP level 3. HP: 36/36 MP: 2/2
   981 | D:2      | Noticed Robin
   994 | D:2      | Killed Robin
  1153 | D:2      | Reached XP level 4. HP: 30/44 MP: 3/3
  1294 | D:2      | Reached skill level 6 in Fighting
  1643 | D:2      | Found a runed translucent door.
  1644 | D:2      | Noticed Crazy Yiuf
  1656 | D:2      | Killed Crazy Yiuf
  1975 | D:3      | Reached *** piety under Trog
  2127 | D:3      | Reached skill level 5 in Long Blades
  2127 | D:3      | Reached XP level 5. HP: 31/50 MP: 4/4
  2292 | D:3      | Noticed Jessica
  2302 | D:3      | Killed Jessica
  2629 | D:3      | Noticed Sigmund
  2636 | D:3      | Killed Sigmund
  2636 | D:3      | Reached XP level 6. HP: 57/57 MP: 5/5
  3535 | D:4      | Found a stormy altar of Qazlal.
  3546 | D:4      | Reached XP level 7. HP: 42/63 MP: 6/6
  4121 | D:4      | Found Quwytz's Gadget Shop.
  4400 | D:5      | Entered Level 5 of the Dungeon
  4543 | D:5      | Noticed Prince Ribbit
  4549 | D:5      | Reached **** piety under Trog
  4554 | D:5      | Killed Prince Ribbit
  4554 | D:5      | Reached skill level 5 in Armour
  4554 | D:5      | Reached skill level 5 in Dodging
  4554 | D:5      | Reached XP level 8. HP: 32/70 MP: 7/7
  4832 | D:5      | Found a staircase to the Ecumenical Temple.
  5857 | D:6      | Found a transporter.
  5883 | D:6      | Found a basalt altar of Yredelemnul.
  5883 | D:6      | Found a stormy altar of Qazlal.
  6074 | D:6      | Found a transporter.
  6881 | D:7      | Reached skill level 10 in Long Blades
  6929 | D:7      | Reached XP level 9. HP: 43/75 MP: 8/8
  7383 | D:7      | Found an opulent altar of Gozag.
  7424 | D:7      | Got a polished falchion
  7425 | D:7      | Identified the +4 falchion of Resourcefulness {vorpal,
                  | Int+3 Dex+3} (You found it on level 7 of the Dungeon)
  8011 | Temple   | Entered the Ecumenical Temple
  8292 | D:8      | Found an opulent altar of Gozag.
  8476 | D:8      | Found an ancient bone altar of Kikubaaqudgha.
  8784 | D:8      | Found a staircase to the Lair.
  8793 | D:8      | Noticed a death yak
  8796 | D:8      | Noticed a death yak
  8802 | D:8      | Noticed a death yak
  8812 | D:8      | Killed a death yak
  8819 | D:8      | Killed a death yak
  8819 | D:8      | Reached ***** piety under Trog
  8819 | D:8      | Reached skill level 7 in Fighting
  8819 | D:8      | Reached XP level 10. HP: 39/86 MP: 9/9
  8832 | D:8      | Killed a death yak
  8832 | D:8      | Reached skill level 8 in Fighting
  8839 | D:8      | Reached skill level 9 in Fighting
  9721 | D:9      | Reached skill level 10 in Fighting
 10088 | D:9      | Found a glowing silver altar of Zin.
 10628 | D:10     | Entered Level 10 of the Dungeon
 11593 | D:11     | Noticed a cyclops
 11609 | D:11     | Killed a cyclops
 11609 | D:11     | Reached XP level 11. HP: 74/99 MP: 10/10
 11755 | D:11     | Noticed a two-headed ogre
 11763 | D:11     | Killed a two-headed ogre
 11922 | D:11     | Received a gift from Trog
 12402 | D:11     | Found a blossoming altar of Fedhas.
 12947 | D:12     | Noticed Azrael
 12972 | D:13     | Found a gate to the Vaults.
 12972 | D:13     | Noticed a centaur warrior
 12972 | D:13     | Noticed a two-headed ogre
 12972 | D:13     | Noticed Urug
 12985 | D:12     | Reached skill level 10 in Armour
 13449 | D:13     | Reached skill level 10 in Dodging
 13481 | D:12     | Killed Azrael
 13481 | D:12     | Reached skill level 15 in Long Blades
 13714 | D:12     | Noticed Josephine
 13733 | D:12     | Killed Josephine
 13733 | D:12     | Received a gift from Trog
 13733 | D:12     | Reached XP level 12. HP: 99/106 MP: 11/11
 13814 | D:12     | Got a translucent double sword {god gift}
 13815 | D:12     | Identified the +6 double sword "Jupposmu" {vorpal, Str+4
                  | Stlth+} (Trog gifted it to you on level 12 of the Dungeon)
 14608 | D:12     | Found a staircase to the Orcish Mines.
 15353 | Lair:1   | Entered Level 1 of the Lair of Beasts
 15401 | Lair:1   | Noticed a seven-headed hydra
 15411 | Lair:1   | Killed a six-headed hydra
 16978 | Lair:2   | Found a staircase to the Shoals.
 17099 | Lair:2   | Found a snail-covered altar of Cheibriados.
 17110 | Lair:2   | Received a gift from Trog
 17533 | Lair:3   | Got an ancient marble ring
 17535 | Lair:3   | Identified the ring "Docs" {*Tele +Inv} (You found it on
                  | level 3 of the Lair of Beasts)
 17706 | Lair:3   | Noticed a five-headed hydra
 17716 | Lair:3   | Killed a two-headed hydra
 18564 | Lair:4   | Reached XP level 13. HP: 68/113 MP: 12/12
 18951 | Lair:4   | Found a hole to the Spider Nest.
 19711 | Lair:4   | Identified a scroll of acquirement
 19712 | Lair:4   | Got the ring "Raykien" {rPois rC+ MR+ Str-5 Dex+2}
 20408 | Lair:5   | Found a staircase to the Slime Pits.
 21658 | Lair:6   | Entered Level 6 of the Lair of Beasts
 22398 | Lair:6   | Reached skill level 11 in Fighting
 23284 | Lair:6   | Received a gift from Trog
 23724 | Lair:6   | Found a burning altar of Makhleb.
 23727 | Lair:6   | Reached skill level 12 in Fighting
 23770 | Lair:6   | Reached XP level 14. HP: 17/126 MP: 13/13
 24074 | Lair:6   | Found a gateway to Hell.
 24846 | D:13     | Killed Urug
 25680 | D:13     | Reached skill level 13 in Fighting
 26547 | D:14     | Noticed Nessos
 26564 | D:14     | Killed Nessos
 27424 | D:14     | Reached skill level 14 in Fighting
 27755 | D:14     | Received a gift from Trog
 27872 | D:14     | Found a runed translucent door.
 27872 | D:14     | Found a runed translucent door.
 28433 | D:14     | Found a runed translucent door.
 28679 | D:15     | Entered Level 15 of the Dungeon
 28924 | D:15     | Found a sparkling altar of Nemelex Xobeh.
 29190 | D:15     | Found a staircase to the Depths.
 29729 | D:15     | Reached XP level 15. HP: 139/139 MP: 14/14
 30034 | Orc:1    | Entered Level 1 of the Orcish Mines
 30065 | Orc:1    | Found Xihag's Armour Shop.
 30074 | Orc:1    | Reached skill level 15 in Fighting
 30074 | Orc:1    | Reached skill level 15 in Armour
 30559 | Orc:1    | Noticed Gastronok
 30577 | Orc:1    | Killed Gastronok
 30699 | Orc:1    | Found a transporter.
 30732 | Orc:1    | Found a transporter.
 30733 | Orc:1    | Identified the amulet "Kuoh Eps" {RegenMP *Drain Str+4
                  | SInv}
 30951 | Orc:1    | Identified the +3 giant club "Zogg" {venom, *Rage rPois
                  | Dex+6 Stlth+}
 30951 | Orc:1    | Identified the cursed +1 giant spiked club of Gexin
                  | {vorpal, rF++}
 30951 | Orc:1    | Noticed Enish's ghost (journeyman DDFi)
 30961 | Orc:1    | Found a bloodstained altar of Trog.
 31076 | Orc:1    | Identified the +6 great mace of Midnight {elec, +Inv +Fly
                  | Int+2}
 31114 | Orc:2    | Entered Level 2 of the Orcish Mines
 31254 | Orc:2    | Received a gift from Trog
 31404 | Orc:1    | Reached skill level 16 in Fighting
 31779 | Orc:2    | Found Gyasao Enudd's Jewellery Emporium.
 31779 | Orc:2    | Found Jumual's Weapon Boutique.
 31780 | Orc:2    | Found Nevazeen's Antique Armour Boutique.
 31780 | Orc:2    | Found Samnasil's Armour Shoppe.
 31976 | Orc:2    | Bought a spiked plate armour for 896 gold pieces
 31986 | Orc:2    | Identified the +6 plate armour of Pandemonium {-Tele Str+4}
                  | (You bought it in a shop on level 2 of the Orcish Mines)
 32065 | Orc:2    | Reached skill level 17 in Fighting
 32200 | Orc:2    | Found Ostryk's Distillery.
 32207 | Orc:2    | Noticed Donald
 32227 | Orc:2    | Killed Donald
 32581 | Orc:2    | Bought a potion of heal wounds for 70 gold pieces
 32594 | Orc:2    | Found a staircase to the Elven Halls.
 32897 | Orc:2    | Noticed Erolcha
 32903 | Orc:2    | Killed Erolcha
 33578 | Spider:1 | Entered Level 1 of the Spider Nest
 34143 | Spider:1 | Reached skill level 18 in Fighting
 34484 | Spider:1 | Found a large runed translucent door.
 34485 | Spider:1 | Found a large runed translucent door.
 34487 | Spider:1 | Noticed Enish's ghost (adept DDFi)
 34617 | Spider:1 | Noticed Roxanne
 35374 | Spider:2 | Received a gift from Trog
 35709 | Spider:2 | Reached skill level 19 in Fighting
 35952 | Spider:2 | Reached XP level 16. HP: 142/160 MP: 15/15
 36700 | Spider:3 | Received a gift from Trog
 36969 | Spider:3 | Reached skill level 20 in Fighting
 37075 | Spider:3 | Reached skill level 1 in Evocations
 37256 | Spider:3 | Found a runed translucent door.
 37256 | Spider:3 | Noticed Dominolapin's ghost (adept DgEE)
 37533 | Spider:4 | Entered Level 4 of the Spider Nest
 38195 | Spider:4 | Reached skill level 5 in Evocations
 38934 | Spider:4 | Received a gift from Trog
 39423 | Spider:4 | Reached skill level 21 in Fighting
 39670 | Spider:4 | Got a gossamer rune of Zot
 39806 | Spider:3 | Killed Dominolapin's ghost
 39947 | Shoals:1 | Entered Level 1 of the Shoals
 39948 | Shoals:1 | Upgraded the game from 0.25.0-9-g26727b657a to
                  | 0.25.0-10-g039870ee82
 40009 | Shoals:1 | Noticed Louise
 40088 | Shoals:1 | Reached XP level 17. HP: 147/173 MP: 20/20
 40267 | Shoals:1 | Killed Louise
 40269 | Shoals:1 | Noticed Kirke
 40340 | Shoals:1 | Killed Kirke
 40728 | Shoals:1 | Reached skill level 22 in Fighting
 41478 | Shoals:2 | You fall into a shaft and drop 1 floor!
 41480 | Shoals:3 | Noticed Mara
 41497 | Shoals:3 | Noticed MisterFreud's illusion
 41506 | Shoals:3 | Found Aseloqer's Food Boutique.
 41506 | Shoals:3 | Noticed Ilsuiw
 41515 | Shoals:3 | Identified the +5 broad axe of the Boiling Point {freeze,
                  | Dex+2}
 41567 | Shoals:2 | HP: 4/177 [merfolk impaler/+2 demon trident of flaming (8)]
 41568 | Shoals:2 | Slain by a merfolk impaler

Illustrated notes

Levels and vault maps discovered:
D:1:      eino_arrival_cavern_a, layout_basic, minivault_14
D:2:      kb_forest_paths, layout_loops_ring, uniq_robin,
          uniq_crazy_yiuf_cottage
D:3:      layout_loops_corners, kennysheep_jessica_study, uniq_sigmund
D:4:      layout_basic, serial_shops, shop, first_ration,
          nicolae_qazlal_general_emergency
D:5:      layout_loops_corners, minmay_temple_entry_offerings,
          uniq_prince_ribbit1
D:6:      gammafunk_cloud_chamber, layout_rooms,
          chequers_temple_overflow_statue_of_worship
D:7:      layout_layer_cave, basic_altar
D:8:      minmay_opposing_rooms, layout_rooms, lemuel_crystal_altar,
          dpeg_lair_monsters, nicolae_gozag_cash_rules_everything_around_me
D:9:      layout_irregular_city, basic_altar
D:10:     layout_roguey
D:11:     layout_cave_pools, grunt_ogre_cave, grunt_ministairs_14,
          fedhas_altar_3
D:12:     layout_roguey, david_orc_4, uniq_azrael, uniq_josephine
D:13:     layout_layer_cave, david_vaults_3, grunt_ministairs_1
D:14:     minmay_the_grid_four_pointed_star
          [minmay_the_grid_triangle_9x9_dagger,
          minmay_the_grid_triangle_9x9_flanged_cone,
          minmay_the_grid_triangle_9x9_subtriangle,
          minmay_the_grid_triangle_9x9_tough_junction,
          minmay_the_grid_prize_four_corners_diamond_b], layout_stronghold,
          grunt_decor_fettered, uniq_nessos
D:15:     grunt_enter_depths_hoard, layout_long_grid,
          nemelex_xobeh_ov_fountains_minmay
Temple:   dpeg_five_rooms_temple
Lair:1:   layout_roguey
Lair:2:   layout_chaotic_city, elwin_shoals_entry_rocks, roderic_batcave,
          kennysheep_snail_temple
Lair:3:   layout_chaotic_city
Lair:4:   layout_hall_layers, nicolae_spider_entry_orb_guardian
Lair:5:   beast_lair_carwin_large_2, layout_cave_pods,
          minmay_slime_entry_oklob_enclosed, st_stairs_8,
          chequers_serial_rivers_large_a
Lair:6:   evil_forest, layout_small_grid, minmay_lair_oklob_chamber
Shoals:1: layout_shoals, argonaut_gorgonesque, uniq_kirke, uniq_louise
Shoals:2: layout_shoals
Shoals:3: layout_shoals, serial_shops, shop, uniq_mara, uniq_ilsuiw
Spider:1: layout_spider_delve, ebering_ghost_disaster_area,
          guppyfry_hornet_nest, uniq_roxanne
Spider:2: layout_spider_delve, hive_lemuel
Spider:3: layout_spider_delve, gammafunk_ghost_grave, nicolae_spider_cling_ruins
Spider:4: floodkiller_spider_rune_tomb
Orc:1:    layout_caves, gammafunk_ghost_wrathful_warriors, serial_shops, shop,
          uniq_gastronok
Orc:2:    st_orc_ogre_mass, layout_caves, serial_shops, shop, uniq_donald,
          uniq_erolcha

Skill      XL: |  1  2  3  4  5  6  7  8  9 10 11 12 13 14 15 16 17 |
---------------+----------------------------------------------------+-----
Fighting       | 4 5 6 7 10 12 14 19 21 22 | 22.3
Long Blades    | 5 7 8 10 14 15 18 20 | 20.0
Armour         | 3 5 6 8 10 12 14 15 | 15.0
Dodging        | 5 6 8 10 | 10.0
Evocations     | 6 |  6.0

Action                   |  1- 3 |  4- 6 |  7- 9 | 10-12 | 13-15 | 16-18 || total
-------------------------+-------+-------+-------+-------+-------+-------++-------
Melee: Falchion          |    55 |   126 |   327 |   251 |       |       ||   759
       Headbutt          |     8 |    33 |    85 |   184 |   293 |   176 ||   779
       Great sword       |       |       |       |   363 |   602 |   792 ||  1757
       Scimitar          |       |       |       |     9 |    15 |       ||    24
       Double sword      |       |       |       |       |   560 |       ||   560
Invok: Berserk           |       |     1 |     5 |     2 |     2 |     3 ||    13
       Trog's Hand       |       |       |     4 |     4 |    17 |    10 ||    35
       Brothers in Arms  |       |       |       |       |     3 |     1 ||     4
Evoke: Wand              |       |       |       |       |    10 |     9 ||    19
       Phantom mirror    |       |       |       |       |       |     1 ||     1
  Use: Potion            |       |     1 |     1 |     1 |     4 |     3 ||    10
       Scroll            |       |     6 |       |       |    26 |     4 ||    36
 Stab: Sleeping          |     2 |     1 |       |       |       |       ||     3
       Distracted        |       |       |       |     2 |     1 |       ||     3
  Eat: Chunk             |     1 |     8 |    12 |    32 |    40 |    12 ||   105
       Ration            |       |       |     3 |     2 |     7 |     4 ||    16
Armor: Animal skin       |     4 |    24 |    37 |       |       |       ||    65
       Chain mail        |       |       |    34 |   229 |     3 |       ||   266
       Plate armour      |       |       |       |       |   741 |   739 ||  1480
Dodge: Dodged            |    43 |    73 |   202 |   354 |   748 |   539 ||  1959
       Rpst.: Falchion   |    17 |    26 |    55 |    31 |       |       ||   129
       Great sword       |       |       |       |    67 |    69 |    97 ||   233
       Scimitar          |       |       |       |     1 |     1 |       ||     2
       Double sword      |       |       |       |       |    82 |       ||    82
